 Dungeon Crawl Stone Soup version 0.26-a0-61-g6c07f0ee8d (webtiles) character file.

Game seed: 14571556064324817279

3264 funkygono the Basher (level 10, -2/60 HPs)
             Began as a Gargoyle Fighter on June 10, 2020.
             Slain by a two-headed ogre
             ... wielding a +0 giant spiked club
              (19 damage)
             ... on level 8 of the Dungeon.
             The game lasted 00:16:27 (7410 turns).

funkygono the Basher (Gargoyle Fighter)             Turns: 7410, Time: 00:16:28

Health: -2/60      AC: 18    Str: 23    XL:     10   Next: 0%
Magic:  10/10      EV: 14    Int: 11    God:
Gold:   431        SH: 11    Dex:  4    Spells: 9/9 levels left

rFire    + . .     SeeInvis .   q - +6 mace "Onigin" {drain, rElec rF+ MR+++ Dex-5}
rCold    . . .     Gourm    .   c - +1 kite shield
rNeg     + . .     Faith    .   i - +1 ring mail of Midwinter {Int+2}
rPois    ∞         Spirit   .   (no helmet)
rElec    +         Reflect  .   p - +1 cloak
rCorr    .         Harm     .   (no gloves)
MR       +++..                  h - +0 pair of boots
Stlth    +.........             g - amulet of magic regeneration
HPRegen  0.20/turn              s - +4 ring of evasion
MPRegen  0.37/turn              (no ring)

@: no status effects
A: negative energy resistance 1, electricity resistance, unbreathing,
petrification resistance, rot immunity, AC +7
a: no special abilities


You were on level 8 of the Dungeon.
You were not hungry.

You visited 2 branches of the dungeon, and saw 9 of its levels.

You collected 431 gold pieces.

Inventory:

Hand Weapons
 a - a +2 flail
 q - the +6 mace "Onigin" (weapon) {drain, rElec rF+ MR+++ Dex-5}
   (You found it on level 5 of the Dungeon)

   A truly terrible weapon, it drains the life of those it strikes.
   It affects your dexterity (-5).
   It protects you from fire.
   It insulates you from electricity.
   It affects your resistance to hostile enchantments.
Missiles
 l - 79 bolts
 m - 139 arrows
 o - 87 stones (quivered)
Armour
 b - a +0 scale mail
 c - a +1 kite shield (worn)
 h - a +0 pair of boots (worn)
 i - the +1 ring mail of Midwinter (worn) {Int+2}
   (You found it on level 4 of the Dungeon)

   It affects your intelligence (+2).
 p - a +1 cloak (worn)
Jewellery
 g - an amulet of magic regeneration (around neck)
 s - a +4 ring of evasion (left hand)
Wands
 t - a wand of flame (20)
 x - a wand of polymorph (11)
Scrolls
 j - a scroll of fear
 n - 3 scrolls of remove curse
 y - 3 scrolls of teleportation
 A - a scroll of amnesia
Potions
 d - 3 potions of stabbing
 k - 3 potions of curing
 r - a potion of haste
 u - a potion of flight {unknown}
 v - 2 potions of mutation {unknown}
 w - a potion of invisibility {unknown}
 B - a potion of brilliance {unknown}
Comestibles
 f - 19 rations


   Skills:
 + Level 6.1 Fighting
 + Level 8.7 Maces & Flails
 + Level 6.0 Armour
 + Level 3.4 Dodging
 + Level 2.8 Stealth
 + Level 8.0 Shields
 + Level 1.0 Evocations


You had 9 spell levels left.
You didn't know any spells.
Your spell library was empty.

Dungeon Overview and Level Annotations

Branches:
Dungeon (8/15)             Temple (1/1) D:7
   Lair: D:8-11

Altars:
Ashenzari
Dithmenos
Elyvilon
Fedhas
Gozag
Hepliaklqana
Nemelex Xobeh
Qazlal
Ru
Trog
Uskayaw
Vehumet
Wu Jian
Xom
Yredelemnul
Zin


Innate Abilities, Weirdness & Mutations

You are resistant to torment.
Your stone body is resilient. (AC +7)
You are immune to poison.
You resist negative energy. (rN+)
You are resistant to electric shocks. (rElec)
You can survive without breathing.
You are immune to petrification.
You are immune to rotting.


Message History

You block the two-headed ogre's attack.
The two-headed ogre hits you with a +0 giant club.
You barely miss the two-headed ogre.
The two-headed ogre is heavily wounded.
You block the two-headed ogre's attack. x2
You thump the two-headed ogre!
The two-headed ogre is severely wounded.
You block the two-headed ogre's attack.
The two-headed ogre hits you with a +0 giant club!!
* * * LOW HITPOINT WARNING * * *
You feel much better.
You hit the two-headed ogre.
The two-headed ogre is severely wounded.
The two-headed ogre barely misses you. You block the two-headed ogre's attack.
You completely miss the two-headed ogre.
The two-headed ogre is severely wounded.
The two-headed ogre hits you with a +0 giant spiked club!!
* * * LOW HITPOINT WARNING * * *
The two-headed ogre hits you with a +0 giant club!!
You die...

#. #. #### #.##..
#.##.######
#.##.....?#####.
#...............#
#..#.#..<......##
#..#O#.........#
#..#@#...........
#.##.###....O....
#.##.# #........≈
#..#.# #...=.....
#..#+###........
#.....# #.....#
#.#...# ...#...#


You could see a two-headed ogre (drained).

Vanquished Creatures
  A spriggan (D:7)
  A wyvern (D:6)
  2 vampire mosquitoes (D:8)
  A water moccasin (D:6)
  An ice beast (D:7)
  4 ogres
  A phantom (D:4)
  A black bear (D:7)
  3 centaurs (D:5)
  4 bullfrogs
  A water moccasin zombie (D:5)
  A howler monkey (D:5)
  3 crimson imps
  8 hounds
  4 jellies
  5 orc priests
  A bullfrog skeleton (D:5)
  2 worker ants
  An iguana (D:6)
  10 orc wizards
  Natasha (thrice) (D:4)
  A hound skeleton (D:4)
  A worker ant zombie (D:5)
  7 gnolls
  5 adders
  A river rat (D:3)
  A shadow imp (D:6)
  4 oozes
  2 adder skeletons (D:5)
  2 worms
  2 dart slugs
  5 leopard geckos
  31 orcs
  2 ball pythons (D:1)
  9 bats
  8 giant cockroaches
  4 goblins
  8 hobgoblins
  9 jackals
  10 quokkas
  4 frilled lizards
  5 kobolds
  A leopard gecko zombie (D:7)
  12 rats
192 creatures vanquished.

Notes
Turn   | Place    | Note
-------+----------+-------------------------------------------
     0 | D:1      | funkygono the Gargoyle Fighter began the quest for the Orb.
     0 | D:1      | Reached XP level 1. HP: 14/14 MP: 1/1
   206 | D:1      | Reached XP level 2. HP: 19/19 MP: 2/2
   577 | D:1      | Reached XP level 3. HP: 23/23 MP: 3/3
  1586 | D:2      | Reached XP level 4. HP: 29/29 MP: 4/4
  1969 | D:2      | Reached skill level 1 in Dodging
  2163 | D:3      | Reached XP level 5. HP: 31/33 MP: 5/5
  2229 | D:3      | Found a sacrificial altar of Ru.
  2273 | D:3      | Reached skill level 1 in Stealth
  2289 | D:3      | Found a basalt altar of Yredelemnul.
  2538 | D:3      | Found a stormy altar of Qazlal.
  2543 | D:3      | Reached XP level 6. HP: 35/38 MP: 6/6
  2659 | D:3      | Reached skill level 5 in Shields
  3040 | D:3      | Reached XP level 7. HP: 27/44 MP: 7/7
  3264 | D:4      | Noticed Natasha
  3279 | D:4      | Killed Natasha
  3300 | D:4      | Reached skill level 5 in Maces & Flails
  3318 | D:4      | Noticed Natasha
  3324 | D:4      | Killed Natasha
  3342 | D:4      | Noticed Natasha
  3356 | D:4      | Killed Natasha
  3574 | D:4      | Got a shimmering ring mail
  3585 | D:4      | Identified the +1 ring mail of Midwinter {Int+2} (You found
                  | it on level 4 of the Dungeon)
  3842 | D:4      | Found a shattered altar of Ashenzari.
  3848 | D:4      | Found a glowing silver altar of Zin.
  4095 | D:5      | Entered Level 5 of the Dungeon
  4144 | D:5      | Found a hide-covered altar of Uskayaw.
  4185 | D:5      | Reached XP level 8. HP: 48/48 MP: 8/8
  4385 | D:5      | Got a faintly glowing mace
  4386 | D:5      | Identified the +6 mace "Onigin" {drain, rElec rF+ MR+++
                  | Dex-5} (You found it on level 5 of the Dungeon)
  4440 | D:5      | Reached skill level 5 in Armour
  4487 | D:5      | Reached skill level 5 in Fighting
  5361 | D:6      | Reached XP level 9. HP: 49/54 MP: 9/9
  6111 | D:7      | Found a staircase to the Ecumenical Temple.
  6127 | Temple   | Entered the Ecumenical Temple
  7293 | D:7      | Reached skill level 1 in Evocations
  7353 | D:8      | Found an ornate altar of the Wu Jian Council.
  7384 | D:8      | Noticed a two-headed ogre
  7400 | D:8      | Reached XP level 10. HP: 54/60 MP: 10/10
  7410 | D:8      | Slain by a two-headed ogre

Illustrated notes

Levels and vault maps discovered:
D:1:      minmay_arrival_open_corners, layout_basic, serial_rivers,
          chequers_serial_rivers_small_3, chequers_serial_rivers_room_a,
          chequers_serial_rivers_micro_a, chequers_serial_rivers_large_a
D:2:      minmay_skewed_foursquare, layout_basic, first_ration
D:3:      layout_basic, lemuel_round_altar, lemuel_crystal_altar,
          lemuel_doored_altar, portal_sewer_entry_a
D:4:      layout_cave_pools, nicolae_overflow_hidden_temple, zin_academy,
          uniq_natasha
D:5:      minmay_evil_eye, layout_basic, eat_drink_and_be_merry_uskayaw,
          chequers_serial_rivers_marsh
D:6:      layout_rooms
D:7:      layout_loops_ring, minmay_temple_entry_large_hall, st_stairs_8,
          the_bakery
D:8:      minmay_imperfect_grid, layout_basic, kennysheep_little_box,
          slow_altar_2, nicolae_overflow_crystal_walls, serial_shops,
          nicolae_shop_behind_doors
Temple:   compressed_dpeg_triangle_lava_temple

Skill      XL: |  1  2  3  4  5  6  7  8  9 |
---------------+----------------------------+-----
Shields        | 4 5 6 8 |  8.0
Dodging        | 1 2 3 |  3.4
Maces & Flails | 3 4 5 7 8 |  8.7
Stealth        | 1 2 |  2.8
Fighting       | 4 5 6 |  6.1
Armour         | 4 5 6 |  6.0
Evocations     | 1 |  1.0

Action                   |  1- 3 |  4- 6 |  7- 9 | 10-12 || total
-------------------------+-------+-------+-------+-------++-------
Melee: Flail             |   160 |   268 |   148 |       ||   576
       Mace              |       |       |   225 |     9 ||   234
Evoke: Wand              |       |       |     6 |       ||     6
  Use: Scroll            |     3 |     1 |    14 |       ||    18
       Potion            |       |     2 |     2 |     1 ||     5
  Eat: Ration            |     1 |       |     2 |       ||     3
       Chunk             |       |     4 |    10 |       ||    14
Armor: Scale mail        |   123 |   141 |    16 |       ||   280
       Ring mail         |       |       |    99 |       ||    99
Dodge: Dodged            |    80 |   107 |   174 |     3 ||   364
Block: Kite shield       |   123 |   155 |   177 |     6 ||   461

Table legend:
 A = Non-vault XP
 B = Vault XP
 C = Vault XP percentage of total XP
 D = Non-vault monster count
 E = Vault monster count
 F = Vault count percentage of total count
                 A         B        C        D         E       F
            +---------+---------+-------+---------+---------+-------
      Total |    4309 |     355 |   7.6 |     174 |      18 |   9.4
            +---------+---------+-------+---------+---------+-------
        D:1 |      54 |       0 |   0.0 |      26 |       0 |   0.0
        D:2 |      45 |      37 |  45.1 |      18 |       8 |  30.8
        D:3 |     467 |      17 |   3.5 |      41 |       5 |  10.9
        D:4 |     415 |      33 |   7.4 |      12 |       1 |   7.7
        D:5 |    1131 |      43 |   3.7 |      34 |       2 |   5.6
        D:6 |    1056 |       0 |   0.0 |      24 |       0 |   0.0
        D:7 |     791 |     225 |  22.1 |      17 |       2 |  10.5
        D:8 |     350 |       0 |   0.0 |       2 |       0 |   0.0
            +---------+---------+-------+---------+---------+-------
